 Dungeon Crawl Stone Soup version 0.31-a0-844-gdc52ec4e09 (webtiles) character file.

Game seed: 12925927842485551492

24015 CrazyBamboolord the Reanimator (level 13, -12/66 HPs)
             Began as a Vine Stalker Necromancer on Sept 30, 2023.
             Was an Initiate of Gozag.
             Mangled by a cane toad (37 damage)
             ... on level 3 of the Lair of Beasts.
             The game lasted 00:44:03 (13576 turns).

CrazyBamboolord the Reanimator (VSNe)              Turns: 13576, Time: 00:44:03

Health: -12/66     AC: 12    Str: 11    XL:     13   Next: 10%
Magic:  0/28       EV:  2    Int: 22    God:    Gozag
Gold:   2047       SH:  0    Dex: 22    Spells: 9/33 levels left

rFire   + . .        a - staff of death
rCold   + . .        (no shield)
rNeg    + + +        D - +0 steam dragon scales
rPois   +            r - +2 helmet {Int+3}
rElec   .            z - scarf {repulsion}
rCorr   .            h - +1 pair of gloves
SInv    .            A - +1 pair of boots
Will    +....        d - amulet of magic regeneration
Stlth   +++++        E - ring of wizardry
HPRegen 1.11/turn    e - ring of False Hope {rPois rF+ rC+ rN++ Dex+6}
MPRegen 0.61/turn

%: repel missiles, guardian spirit, wizardry (x1)
@: about to teleport, death channelling, sleeping, very slightly contaminated
A: fangs 3, regeneration 1, magic shield, antimagic bite, no potion heal 2
a: Renounce Religion, Potion Petition, Call Merchant, Bribe Branch


You were on level 3 of the Lair of Beasts.
You worshipped Gozag.
Gozag was most pleased with you.
You visited 2 branches of the dungeon, and saw 13 of its levels.
You also visited: Ossuary.

You collected 3486 gold pieces.
You spent 612 gold pieces at shops.
You paid 827 gold pieces to Gozag.

Inventory:

Hand Weapons
 b - a +3 spectral lajatang
Armour
 h - a +1 pair of gloves (worn)
 r - a +2 helmet of intelligence (worn)
 z - a scarf of repulsion (worn)
 A - a +1 pair of boots (worn)
 D - +0 steam dragon scales (worn)
Magical Staves
 a - a staff of death (weapon)
Jewellery
 d - an amulet of magic regeneration (around neck)
 e - the ring of False Hope (right hand) {rPois rF+ rC+ rN++ Dex+6}
   (You found it on level 7 of the Dungeon)

   [ring of dexterity]

   Dex+6:     It affects your dexterity (+6).
   rF+:       It protects you from fire.
   rC+:       It protects you from cold.
   rPois:     It protects you from poison rN++: It greatly protects you from
   negative energy.
 i - a ring of protection from cold
 y - a +4 ring of protection
 E - a ring of wizardry (left hand)
 G - a ring of fire
 O - a ring of magical power
Wands
 s - a wand of flame (13)
 C - a wand of mindburst (4)
 F - a wand of charming (5)
 N - a wand of digging (6)
Scrolls
 l - 2 scrolls of teleportation
 o - 10 scrolls of noise
 u - 4 scrolls of immolation
 v - 2 scrolls of enchant weapon
 w - 2 scrolls of poison
 B - 2 scrolls of fog
 H - 2 scrolls of vulnerability {unknown}
 I - a scroll of fear
 K - 3 scrolls of torment {unknown}
 L - a scroll of brand weapon {unknown}
 M - a scroll of revelation {unknown}
Potions
 c - 7 potions of mutation
 f - 4 potions of lignification
 g - 4 potions of curing
 j - 2 potions of might
 k - 2 potions of berserk rage
 m - a potion of cancellation {unknown}
 n - 2 potions of attraction
 p - 4 potions of magic
 q - 2 potions of enlightenment {unknown}
 x - 3 potions of haste


   Skills:
 + Level 6.9 Fighting
 + Level 6.6 Staves
 + Level 6.3 Dodging
 + Level 9.9 Stealth
 * Level 10.8 Spellcasting
 * Level 11.3 Necromancy
 + Level 2.9 Earth Magic
 + Level 4.8 Evocations


You had 9 spell levels left.
You knew the following spells:

 Your Spells              Type           Power      Damage    Failure   Level
a - Necrotise             Necr           100%       1d9       1%          1
b - Vampiric Draining     Necr           75%        2d11      1%          3
c - Agony                 Necr           75%        N/A       1%          5
d - Dispel Undead         Necr           75%        3d25      1%          4
e - Death Channel         Necr           37%        N/A       3%          6
f - Borgnjor's Vile Clut  Necr/Erth      30%        N/A       3%          5

Your spell library contained the following spells:

 Spells                   Type           Power      Damage    Failure   Level
 Cigotuvi's Dreadful Rot  Necr/Pois/Air  84%        N/A       1%          2
 Passwall                 Tmut/Erth      15%        N/A       1%          2
 Shock                    Conj/Air       44%        1d5       2%          1
 Sting                    Tmut/Pois      44%        1d5       2%          1
 Poisonous Vapours        Pois/Air       22%        N/A       3%          2
 Stone Arrow              Conj/Erth      36%        3d9       3%          3
 Call Canine Familiar     Summ           11%        N/A       7%          3
 Frozen Ramparts          Ice            22%        1d4       7%          3
 Sigil of Binding         Hex            11%        N/A       7%          3
 Summon Guardian Golem    Hex/Summ       11%        N/A       7%          3
 Swiftness                Air            11%        N/A       7%          3
 Animate Armour           Summ/Erth      36%        N/A       12%         4
 Leda's Liquefaction      Hex/Erth       9%         N/A       12%         4
 Petrify                  Tmut/Erth      18%        N/A       12%         4
 Airstrike                Air            5%         2d(1-17)  22%         4
 Dimensional Bullseye     Hex/Tloc       5%         N/A       22%         4
 Olgreb's Toxic Radiance  Pois           11%        N/A       22%         4
 Metabolic Englaciation   Hex/Ice        5%         N/A       50%         5
 Orb of Destruction       Conj           5%         9d5       100%        7
 Spellforged Servitor     Conj/Summ      5%         N/A       100%        7
 Lehudib's Crystal Spear  Conj/Erth      9%         10d4      100%        8
 Animate Dead             Necr           Unusable   N/A       N/A         4

Dungeon Overview and Level Annotations

Branches:
Dungeon (10/15)            Temple (0/1) D:6            Lair (3/5) D:8
 Shoals (0/4) Lair:2      Ossuary (visited)
  Snake: Lair:2-3    Spider: Lair:2-3       Orc: D:9-12

Altars:
Elyvilon
Fedhas
Gozag
Kikubaaqudgha
Nemelex Xobeh
Ru
Sif Muna
Trog
Uskayaw
Yredelemnul
The Shining One

Shops:
Lair:1 :

Annotations:
D:4 3 runed translucent doors, Opifex's ghost, novice GrMo


Innate Abilities, Weirdness & Mutations

You have razor-sharp teeth.
Your natural rate of healing is unusually fast.
When hurt, damage is shared between your health and your magic reserves.
Your bite disrupts and absorbs the magic of your enemies.
Potions cannot restore your health.


Message History

You feel a surge of power!
You miscast Borgnjor's Vile Clutch.
You are very lightly contaminated with residual magic.
You feel a surge of energy from the ground.
The dream sheep barely misses you. The dream sheep misses you. x2
Unknown command.
Unknown command.
The dream sheep shake their wool and sparkle.
You feel drowsy...
You fall asleep.
A dream sheep comes into view.
The cane toad stings you!!!
You wake up.
Unknown command.
Found 9 gold pieces.
Found a stone staircase leading down.
The cane toad attacks as it pursues you!
The cane toad stings you.
A dream sheep comes into view.
Unknown command.
The cane toad stings you.
Unknown command.
As you read the scroll of teleportation, it crumbles to dust.
You feel strangely unstable. The cane toad barely misses you.
Unknown command.
Casting: Borgnjor's Vile Clutch (dangerous; 3% risk of failure)
Confirm with . or Enter, or press ? or * to list all spells.
Aiming: Vampiric Draining (safe; 1% risk of failure)
Press: ? - help, Shift-Dir - straight line, f - cane toad
Aim: a cane toad You feel a surge of power!
You draw life force from the cane toad!
You feel life coursing into your body!
The dream sheep bleats!
A dream sheep comes into view.
The cane toad stings you!
Unknown command.
You hit the cane toad but do no damage.
The cane toad writhes in agony!
The cane toad is heavily wounded.
The dream sheep shake their wool and sparkle.
You feel drowsy...
You fall asleep.
The cane toad stings you!!!
Ouch! That really hurt!
You die...
Your body crumbles into a pile of gold.

##.# ........ ..#
#.♣...♣.# ### #.##
#.......# #P###..#
##...♣...#
####.P....#####....Y....
#.##........##...FY#
........#..#...F.##.##
#PP#...P#..'.♣YF###YY#..
####..P.".##...#@.Y.>$#
# #..P.P####+#Y.P##..# #
#..#.## #...# P #..P.#
...## .. #....# ###.# ..
#..... ..# .....# ...
......# P.#


You could see 2 cane toads and 5 dream sheep.

Vanquished Creatures
  Erica (Lair:1)
  A two-headed ogre (D:10)
  A skyshark (Lair:2)
  An orc knight (D:10)
  Pikel (D:6)
  An oklob plant (Lair:2)
  2 elephants (Lair:2)
  3 cane toads
  A black mamba (Lair:2)
  Jeremiah (D:6)
  Maggie (D:7)
  An unseen horror (D:10)
  A kobold demonologist (D:9)
  4 komodo dragons
  A troll (D:10)
  Grinder (D:3)
  2 polar bears
  3 blink frogs (Lair:2)
  Sigmund (D:4)
  A shadow (D:10)
  3 wyverns
  2 wraiths
  Eustachio (D:5)
  A basilisk (Lair:2)
  43 yaks
  2 steam dragons
  Grum (D:9)
  An acid dragon (D:9)
  Menkaure (D:4)
  A swamp worm (Lair:1)
  7 water moccasins
  6 orc warriors
  2 sky beasts
  2 ice beasts
  2 ogres
  3 black bears
  3 centaurs
  8 wolves
  A kobold brigand (D:6)
  A phantom (D:4)
  13 bullfrogs
  2 gnoll sergeants
  3 scorpions
  2 elf skeletons (D:6)
  3 wights (D:8)
  13 killer bees
  A howler monkey (D:10)
  3 centaur zombies (Ossuary)
  3 orc priests
  3 jellies
  4 hounds
  2 human zombies
  Crazy Yiuf (D:7)
  A gnoll bouda (D:5)
  2 sleepcaps
  4 iguanas
  9 orc wizards
  Terence (D:3)
  3 mummies (Ossuary)
  Robin (D:4)
  18 gnolls
  9 adders
  A white imp (D:6)
  An ufetubus (D:7)
  A worm (D:3)
  4 dart slugs
  40 orcs
  A bat zombie (D:6)
  8 endoplasms
  2 giant cockroaches
  3 gnoll zombies (Ossuary)
  12 goblins
  14 hobgoblins
  12 kobolds
  6 quokkas
  2 ball pythons
  3 bats
  3 frilled lizards (D:1)
  A kobold zombie (Ossuary)
  2 orc skeletons (D:6)
  An orc zombie (D:6)
  6 rats
  A rat zombie (D:6)
345 creatures vanquished.

Vanquished Creatures (collateral kills)
  3 elephants (Lair:2)
  2 killer bees (D:10)
  An orc wizard (D:10)
  An orc (D:10)
7 creatures vanquished.

Vanquished Creatures (others)
  An orc wizard (D:6)
  2 kobolds (D:7)
3 creatures vanquished.

Grand Total: 355 creatures vanquished

Notes
Turn   | Place    | Note
-------+----------+-------------------------------------------
     0 | D:1      | CrazyBamboolord the Vine Stalker Necromancer began the
                  | quest for the Orb.
     0 | D:1      | Reached XP level 1. HP: 9/9 MP: 4/4
   190 | D:1      | Reached XP level 2. HP: 13/13 MP: 0/6
  1144 | D:2      | Reached XP level 3. HP: 17/17 MP: 6/8
  1148 | D:2      | Learned a level 3 spell: Vampiric Draining
  1828 | D:3      | Found a faded altar of an unknown god.
  1854 | D:3      | Reached XP level 4. HP: 21/21 MP: 5/9
  1910 | D:3      | Reached skill level 1 in Fighting
  1967 | D:3      | Noticed Grinder
  1990 | D:3      | Killed Grinder
  1991 | D:3      | Reached skill level 1 in Staves
  1991 | D:3      | Reached skill level 5 in Necromancy
  1991 | D:3      | Reached XP level 5. HP: 11/26 MP: 5/11
  1991 | D:3      | Reached XP level 6. HP: 13/30 MP: 5/12
  2036 | D:3      | Found an opulent altar of Gozag.
  2050 | D:3      | Became a worshipper of Gozag Ym Sagoz the Greedy
  2076 | D:3      | Noticed Terence
  2082 | D:3      | Killed Terence
  2145 | D:3      | Found a glowing golden altar of the Shining One.
  2646 | D:4      | Noticed Opifex's ghost (novice GrMo)
  2646 | D:4      | Found a runed translucent gate.
  2646 | D:4      | Found a runed translucent gate.
  2646 | D:4      | Found a runed translucent gate.
  2724 | D:4      | Reached XP level 7. HP: 34/34 MP: 11/14
  2806 | D:4      | Noticed Robin
  2835 | D:4      | Killed Robin
  3127 | D:4      | Noticed Sigmund
  3132 | D:4      | Killed Sigmund
  3460 | D:4      | Noticed Menkaure
  3477 | D:4      | Learned a level 5 spell: Agony
  3757 | D:4      | Reached skill level 6 in Necromancy
  3757 | D:4      | Gained mutation: You have razor-sharp teeth. [Vine Stalker
                  | growth]
  3757 | D:4      | Reached XP level 8. HP: 32/39 MP: 13/16
  3882 | D:4      | Reached skill level 5 in Spellcasting
  3888 | D:4      | Killed Menkaure
  4041 | D:5      | Entered Level 5 of the Dungeon
  4054 | D:5      | Found a hide-covered altar of Uskayaw.
  4234 | D:5      | Noticed Eustachio
  4301 | D:5      | Killed Eustachio
  4302 | D:5      | Reached skill level 5 in Stealth
  4528 | D:5      | Reached XP level 9. HP: 32/44 MP: 2/19
  4649 | D:5      | Reached skill level 7 in Necromancy
  4720 | D:5      | Found a white marble altar of Elyvilon.
  5111 | D:6      | Identified a scroll of acquirement
  5111 | D:6      | Acquired a book of Decay
  5134 | D:6      | Learned a level 4 spell: Dispel Undead
  5145 | D:6      | Learned a level 6 spell: Death Channel
  5239 | D:6      | Found a sand-covered staircase.
  5249 | Ossuary  | Entered an ossuary
  5672 | D:6      | Noticed Pikel
  5680 | D:6      | Killed Pikel
  5746 | D:6      | Acquired a +3 spectral lajatang
  5821 | D:6      | Found a bloodstained altar of Trog.
  5848 | D:6      | Found a shimmering blue altar of Sif Muna.
  5852 | D:6      | Got a glistering book
  5967 | D:6      | Found an ancient bone altar of Kikubaaqudgha.
  6057 | D:6      | Noticed Jeremiah
  6128 | D:6      | Killed Jeremiah
  6129 | D:6      | Reached skill level 8 in Necromancy
  6133 | D:6      | Reached XP level 10. HP: 43/50 MP: 12/22
  6278 | D:6      | Found a staircase to the Ecumenical Temple.
  6454 | D:7      | Noticed Maggie
  6528 | D:7      | Killed Maggie
  6642 | D:7      | Reached skill level 1 in Evocations
  6700 | D:7      | Identified the ring of False Hope {rPois rF+ rC+ rN++
                  | Dex+6}
  6945 | D:7      | Found a runed translucent door.
  6946 | D:7      | Noticed Crazy Yiuf
  6954 | D:7      | Killed Crazy Yiuf
  7377 | D:8      | Reached skill level 5 in Fighting
  7384 | D:8      | Found a staircase to the Lair.
  7411 | D:8      | Reached skill level 9 in Necromancy
  7427 | D:8      | Reached skill level 5 in Staves
  7432 | D:8      | Reached XP level 11. HP: 55/55 MP: 5/24
  7982 | D:9      | Reached skill level 5 in Dodging
  8256 | D:9      | Found a basalt altar of Yredelemnul.
  8489 | D:9      | Noticed Grum
  8541 | D:9      | Killed Grum
  8649 | D:9      | Found a sacrificial altar of Ru.
  9048 | D:10     | Entered Level 10 of the Dungeon
  9479 | D:10     | Reached skill level 10 in Necromancy
  9643 | D:10     | Found a sparkling altar of Nemelex Xobeh.
  9697 | D:10     | Noticed a two-headed ogre
  9720 | D:10     | Killed a two-headed ogre
  9912 | D:10     | Reached XP level 12. HP: 61/61 MP: 16/26
 10422 | Lair:1   | Entered Level 1 of the Lair of Beasts
 10427 | Lair:1   | Bought a book of Unlife for 612 gold pieces
 10433 | Lair:1   | Learned a level 5 spell: Borgnjor's Vile Clutch
 10558 | Lair:1   | Reached skill level 10 in Spellcasting
 10631 | Lair:1   | Reached skill level 1 in Earth Magic
 11006 | Lair:1   | Noticed Erica
 11028 | Lair:1   | Killed Erica
 11956 | Lair:1   | Identified the staff "Necotof" {*Corrode rC+ Will+ Dex+3
                  | Conj}
 11990 | Lair:2   | Found a staircase to the Shoals.
 12109 | Lair:2   | Noticed a skyshark
 12123 | Lair:2   | Killed a skyshark
 12467 | Lair:1   | Reached skill level 11 in Necromancy
 12802 | Lair:2   | Reached XP level 13. HP: 66/66 MP: 3/28
 12946 | Lair:2   | Found a blossoming altar of Fedhas.
 13576 | Lair:3   | Mangled by a cane toad

Illustrated notes

Levels and vault maps discovered:
D:1:      lightli_arrival_noodles, layout_loops_corners
D:2:      layout_loops_ring
D:3:      layout_loops_cross, nicolae_gozag_cash_rules_everything_around_me,
          tso_oasis_becter, nicolae_ecumenical_pavilion, uniq_grinder,
          uniq_terence
D:4:      layout_layer_cave, ebering_ghost_rock_garden, uniq_robin,
          uniq_menkaure, uniq_sigmund
D:5:      layout_loops_ring, overflow_temple_1_default, kennysheep_mini,
          uniq_eustachio
D:6:      layout_basic, nzn_overflow_gifts_of_might_and_magic,
          lemuel_zombie_altar_kikubaaqudgha,
          minmay_temple_entry_enclosed_plants, nicolae_ossuary_entry_catacombs,
          uniq_jeremiah, uniq_pikel
D:7:      layout_cave_pools, kennysheep_small_square, uniq_maggie,
          uniq_crazy_yiuf_cottage
D:8:      layout_basic, due_lair_maze_entry_diamond
D:9:      layout_basic, nicolae_ru_the_path_less_chosen,
          mainiacjoe_overflow_concentric_impassable, uniq_grum
D:10:     cheibrodos_orc_bank, layout_irregular_city, mainiacjoe_overflow_paths
Lair:1:   layout_layer_cave, worms_lemuel, infiniplex_staircase_pool_2,
          grunt_megastairs_1, uniq_erica
Lair:2:   layout_big_grid, shoals_dummy_entry, tgw_fedhas, grunt_megastairs_2
Lair:3:   layout_loops_ring, spider_nest_entry_funnel_web, grunt_megastairs_4

Skill      XL: |  1  2  3  4  5  6  7  8  9 10 11 12 |
---------------+-------------------------------------+-----
Spellcasting   | 3 4 6 7 8 9 10 | 10.8
Fighting       | 1 2 3 4 5 6 |  6.9
Dodging        | 2 3 4 5 6 |  6.3
Stealth        | 3 4 5 6 7 8 9 |  9.9
Staves         | 1 2 3 4 5 6 |  6.6
Necromancy     | 5 6 8 9 10 11 | 11.3
Evocations     | 2 3 4 |  4.8
Earth Magic    | 2 |  2.9

Action                     |  1- 3 |  4- 6 |  7- 9 | 10-12 | 13-15 || total
---------------------------+-------+-------+-------+-------+-------++-------
  Melee: Staff             |       |    24 |   141 |   265 |    25 ||   455
         Bite              |       |     9 |    38 |   105 |    12 ||   164
         Punch             |       |       |     2 |     6 |     1 ||     9
   Cast: Necrotise         |    55 |    61 |   196 |   251 |     1 ||   564
         Vampiric Draining |       |     1 |    22 |   251 |    30 ||   304
         Dispel Undead     |       |       |    25 |     6 |       ||    31
         Agony             |       |       |     5 |    14 |       ||    19
         Death Channel     |       |       |       |     5 |     1 ||     6
         Borgnjor's Vile C |       |       |       |     1 |     1 ||     2
 Invoke: Call Merchant     |       |       |       |     1 |       ||     1
  Evoke: Wand              |       |       |       |     2 |       ||     2
    Use: Scroll            |     4 |       |    12 |    10 |     3 ||    29
   Stab: Distracted        |       |       |       |     3 |       ||     3
         Sleeping          |       |       |       |     1 |       ||     1
 Armour: Robe              |     7 |    16 |   148 |    38 |       ||   209
         Steam dragon scal |       |       |       |   477 |    33 ||   510
  Dodge: Dodged            |     8 |    28 |   160 |   556 |    34 ||   786
         Repelled          |       |       |       |     2 |       ||     2

Table legend: (Time is in decaauts)
 A = Elapsed time spent in this place.
 B = Non-inter-level travel time spent in this place.
 C = Inter-level travel time spent in this place.
 D = Time resting spent in this place.
 E = Time spent auto-exploring this place.
 F = Levels seen in this place.
 G = Mean time per level.
                   A        B        C        D        E       F      G
               +--------+--------+--------+--------+--------+-----+--------+
         Total |  13588 |  13143 |    445 |    457 |   9496 |  14 |  970.6 |
       Dungeon |  10138 |   9766 |    372 |    330 |   7021 |  10 | 1013.8 |
          Lair |   3169 |   3096 |     73 |     88 |   2396 |   3 | 1056.3 |
       Ossuary |    280 |    280 |      0 |     39 |     79 |   1 |  280.0 |
               +--------+--------+--------+--------+--------+-----+--------+

Top non-repeatable levels by time:
  Lair:1: 1674 daAuts
     D:4: 1418 daAuts
  Lair:2: 1325 daAuts
     D:9: 1234 daAuts
    D:10: 1206 daAuts
     D:6: 1126 daAuts
     D:1: 1103 daAuts
     D:5: 1030 daAuts
     D:8: 855 daAuts
     D:3: 821 daAuts
     D:2: 723 daAuts
     D:7: 617 daAuts
 Ossuary: 280 daAuts
  Lair:3: 169 daAuts
